 Dungeon Crawl Stone Soup version 0.29-a0-653-gd47aff6735 (webtiles) character file.

Game seed: 10834634791397029077

31 ytrimaz the Skirmisher (level 3, 30/30 HPs)
             Began as a Demonspawn Berserker on June 21, 2022.
             Was a Follower of Trog.
             Quit the game on level 1 of the Dungeon.
             The game lasted 00:01:24 (1433 turns).

ytrimaz the Skirmisher (Demonspawn Berserker)       Turns: 1433, Time: 00:01:24

Health: 30/30      AC: 12    Str: 19    XL:     3   Next: 7%
Magic:  3/3        EV:  6    Int:  8    God:    Trog [*.....]
Gold:   50         SH:  0    Dex: 12    Spells: 2/2 levels left

rFire   . . .      SeeInvis .   a - +0 short sword
rCold   . . .      Faith    .   (no shield)
rNeg    . . .      Spirit   .   d - +0 plate armour
rPois   .          Reflect  .   b - +0 helmet
rElec   .          Harm     .   (no cloak)
rCorr   .          Rampage  .   (no gloves)
Will    .....                   (no boots)
Stlth   ..........              (no amulet)
HPRegen 0.10/turn               (no ring)
MPRegen 0.08/turn               (no ring)

@: no status effects
A: demonic guardian 1, demonic magic 1
a: Renounce Religion, Berserk


You were on level 1 of the Dungeon.
You worshipped Trog.
Trog was aware of your devotion.
You visited 1 branch of the dungeon, and saw 1 of its levels.

You collected 50 gold pieces.

Inventory:

Hand Weapons
 a - a +0 short sword (weapon)
Armour
 b - a +0 helmet (worn)
 d - a +0 plate armour (worn)
Scrolls
 e - a scroll of poison
 g - a scroll of fog {unknown}
Potions
 c - 2 potions of curing {unknown}
 f - a potion of lignification {unknown}


   Skills:
 + Level 3.7 Fighting
 - Level 2.6 Short Blades
 * Level 2.5 Armour
 - Level 1.7 Dodging


You had 2 spell levels left.
You didn't know any spells.
Your spell library was empty.

Dungeon Overview and Level Annotations

Branches:
Dungeon (1/15)

Altars:


Innate Abilities, Weirdness & Mutations

A weak demonic guardian rushes to your aid.
Spells you cast may paralyse adjacent enemies.


Message History

The giant cockroach attacks as you move away!
The giant cockroach bites you but does no damage.
You barely miss the giant cockroach.
The giant cockroach bites you but does no damage.
You hit the giant cockroach but do no damage.
The giant cockroach closely misses you.
The giant cockroach bites you but does no damage.
You barely miss the giant cockroach.
The giant cockroach bites you but does no damage.
You hit the giant cockroach but do no damage.
The giant cockroach bites you but does no damage.
You barely miss the giant cockroach. The giant cockroach barely misses you.
You barely miss the giant cockroach.
The giant cockroach bites you but does no damage.
You hit the giant cockroach.
The giant cockroach is moderately wounded.
The giant cockroach bites you but does no damage. x2
You closely miss the giant cockroach.
The giant cockroach is moderately wounded.
The giant cockroach bites you but does no damage.
You hit the giant cockroach.
The giant cockroach is severely wounded.
The giant cockroach bites you but does no damage.
You see here a scroll labelled ORAKHLAXZOPPE.
You closely miss the giant cockroach.
The giant cockroach is severely wounded.
The giant cockroach bites you but does no damage.
You hit the giant cockroach but do no damage.
The giant cockroach is severely wounded.
The giant cockroach bites you but does no damage.
You hit the giant cockroach.
You kill the giant cockroach!
Trog accepts your kill.
You see here a +0 club.
g - a scroll labelled ORAKHLAXZOPPE HP restored.
You see here a +0 club.
Done exploring.
Done exploring.
Are you sure you want to abandon this character and quit the game? (Confirm with "yes".)

####### #.#.#.# #.....# #...#.#
#.....# #..##.# ##.....###..##.#
#.......##.....# #.......###.####
#.##.##.# #.# #.##.##.# #.##
#.##.##.# #.@# #####.......#
##.######### ............#
#.#.......# .#.....#.##.#
#.#.#####.#
.#.....#.##.####.#.#####.##
..))...#.........#.##.....#######
........)...######.##.......##...
.......#.#### #.##..#.†#.##.##
##...##...# #..).....#.##.#.


There were no monsters in sight!

Vanquished Creatures
  A dart slug (D:1)
  2 ball pythons (D:1)
  3 endoplasms (D:1)
  2 giant cockroaches (D:1)
  3 hobgoblins (D:1)
  A quokka (D:1)
  3 frilled lizards (D:1)
  5 goblins (D:1)
  7 kobolds (D:1)
  A rat (D:1)
28 creatures vanquished.

Notes
Turn   | Place    | Note
-------+----------+-------------------------------------------
     0 | D:1      | ytrimaz the Demonspawn Berserker began the quest for the
                  | Orb.
     0 | D:1      | Reached XP level 1. HP: 18/18 MP: 1/1
    62 | D:1      | Gained mutation: A weak demonic guardian rushes to your
                  | aid. [demonic ancestry]
    62 | D:1      | Reached XP level 2. HP: 24/24 MP: 2/2
  1205 | D:1      | Found a faded altar of an unknown god.
  1349 | D:1      | Gained mutation: Spells you cast may paralyse adjacent
                  | enemies. [demonic ancestry]
  1349 | D:1      | Reached XP level 3. HP: 25/30 MP: 3/3
  1433 | D:1      | Quit the game

Illustrated notes

Levels and vault maps discovered:
D:1:      mrwooster_arrival_statue_3, layout_loops_cross,
          shapermc_ecumenical_altar_mp_urbaneastern

Skill      XL: |  1 |
---------------+----+-----
Armour         | 2 |  2.5
Fighting       | |  3.7
Short Blades   | |  2.6
Dodging        | |  1.7

Action                   || total
-------------------------++-------
Melee: Short sword       ||   101
       Punch             ||     2
Invok: Berserk           ||     1
  Use: Scroll            ||     1
Armor: Animal skin       ||     3
       Plate armour      ||    57
Dodge: Dodged            ||    36

Table legend: (Time is in decaauts)
 A = Elapsed time spent in this place.
 B = Non-inter-level travel time spent in this place.
 C = Inter-level travel time spent in this place.
 D = Time resting spent in this place.
 E = Time spent auto-exploring this place.
 F = Levels seen in this place.
 G = Mean time per level.
                   A        B        C        D        E       F      G
               +--------+--------+--------+--------+--------+-----+--------+
         Total |   1442 |   1442 |      0 |    111 |   1063 |   1 | 1442.0 |
       Dungeon |   1442 |   1442 |      0 |    111 |   1063 |   1 | 1442.0 |
               +--------+--------+--------+--------+--------+-----+--------+

Top non-repeatable levels by time:
     D:1: 1442 daAuts
